 Dungeon Crawl Stone Soup version 0.30-a0-743-gbfdf073431 (webtiles) character file.

Game seed: 503598401370325800

44 cforsyth the Caller (level 3, -5/19 HPs)
             Began as a Tengu Summoner on Feb 7, 2023.
             Killed by divine providence
             ... invoked by an orc priest
              (15 damage)
             ... on level 2 of the Dungeon.
             The game lasted 00:03:34 (2037 turns).

cforsyth the Caller (Tengu Summoner)                Turns: 2037, Time: 00:03:34

Health: -5/19      AC:  2    Str:  8    XL:     3   Next: 62%
Magic:  1/8        EV: 12    Int: 17    God:
Gold:   87         SH:  0    Dex: 14    Spells: 1/7 levels left

rFire   . . .      SeeInvis .    (no weapon)
rCold   . . .      Faith    .    (no shield)
rNeg    . . .      Spirit   .    a - +0 robe
rPois   .          Reflect  .    (helmet restricted)
rElec   .          Harm     .    (no cloak)
rCorr   .          Rampage  .    (no gloves)
Will    .....                    (boots unavailable)
Stlth   ++                       (no amulet)
HPRegen 0.23/turn                (no ring)
MPRegen 0.11/turn                (no ring)

@: very slightly contaminated
A: beak, talons 3
a: no special abilities


You were on level 2 of the Dungeon.
You visited 1 branch of the dungeon, and saw 2 of its levels.

You collected 87 gold pieces.

Inventory:

Armour
 a - a +0 robe (worn)
Scrolls
 c - 3 scrolls of identify {unknown}
 f - a scroll of magic mapping {unknown}
 i - a scroll of torment {unknown}
 l - a scroll of enchant weapon {unknown}
 m - a scroll of noise {unknown}
 n - a scroll of teleportation {unknown}
 o - a scroll of poison {unknown}
 r - a scroll of blinking {unknown}
Potions
 b - a potion of magic
 d - a potion of might {unknown}
 e - a potion of degeneration {unknown}
 g - a potion of heal wounds {unknown}
 h - a potion of resistance {unknown}
 j - a potion of curing {unknown}
 k - a potion of invisibility {unknown}
 p - a potion of haste {unknown}
 q - a potion of flight {unknown}


   Skills:
 - Level 2.1 Dodging
 - Level 2.0 Stealth
 + Level 2.9 Spellcasting
 + Level 5.6 Summonings


You had one spell level left.
You knew the following spells:

 Your Spells              Type           Power      Damage    Failure   Level
a - Summon Small Mammal   Summ           84%        N/A       1%          1
b - Call Imp              Summ           21%        N/A       2%          2
c - Call Canine Familiar  Summ           21%        N/A       5%          3

Your spell library contained the following spells:

 Spells                   Type           Power      Damage    Failure   Level
 Summon Guardian Golem    Hex/Summ       12%        N/A       17%         3
 Summon Lightning Spire   Summ/Air       12%        N/A       50%         4


Dungeon Overview and Level Annotations

Branches:
Dungeon (2/15)

Altars:

Shops:
D:1 =[


Innate Abilities, Weirdness & Mutations

You have a beak for a mouth.
You have claws for feet.


Message History

Your crimson imp says, "You called?"
The orc priest invokes the aid of Beogh against you.
Pain shoots through your body!
Ouch! That really hurt!
Casting: Call Imp (safe; 2% risk of failure)
Confirm with . or Enter, or press ? or * to list all spells.
The spell is quite dangerous to miscast (5% risk of failure)!
Continue anyway?
You swap places.
What are your orders? t - Shout!
Orders for allies: a - Attack new target. r - Retreat! s - Stop attacking. g - Guard the area. f - Follow me.
Anything else - Cancel.
Gang up on whom?
Press: ? - help, Dir - move target, f - orc priest
Aim: an orc priest, wielding a +0 dagger (ally target) Attack!
Your hound bites the orc priest.
The orc priest hits your hound with a +0 dagger.
Your hound bites the orc priest.
Casting: Call Canine Familiar (quite dangerous; 5% risk of failure)
Confirm with . or Enter, or press ? or * to list all spells.
You don't have enough magic to cast this spell.
Unknown command.
The orc priest looks satisfied for a moment.
Your hound bites the orc priest but does no damage.
Your crimson imp blinks!
Your hound bites the orc priest but does no damage.
The orc priest barely misses your hound.
Your hound bites the orc priest but does no damage.
The orc priest hits your hound with a +0 dagger.
Your hound completely misses the orc priest.
Your hound completely misses the orc priest.
The orc priest barely misses your hound.
Your crimson imp hits the orc priest.
Your hound bites the orc priest but does no damage.
The orc priest invokes the aid of Beogh against you.
Beogh smites you!
Ouch! That really hurt!
You die...

#..#.......................###...
#..#.......###.#######.###.......
#............#.#######.###.#.#.#.
#.......##.#.#...........#...รท...
#.#####.##.#.#########.#..#.#.#.#
#.#...#..#.#.# #.###.#.........
#.#...#....#.#####.....#.#.#.#.#.
.........#.......#....##.........
............5oh.@.....#.#.#.#.#.#
.............###.######..........
..######.###.# #.# #.#.#.#.#.#.
....<# #.# #.# #.# ##...........
###### #)# #.# #.####.#.#.#.#.#.#
#.# #.# #.................
########o###.###.#####.#.#.#.#.#.
.....<...............>...........
########.###.#..........#.#.#.#.#


You could see an orc priest (ally target), a friendly hound (summoned) and a
friendly crimson imp (summoned).

Vanquished Creatures
  A ball python (D:1)
  A bat (D:1)
  A jackal (D:1)
  A kobold (D:1)
4 creatures vanquished.

Vanquished Creatures (collateral kills)
  An adder (D:2)
  5 orcs (D:2)
  An endoplasm (D:1)
  A giant cockroach (D:1)
  A goblin (D:1)
  A hobgoblin (D:1)
  A jackal (D:1)
  2 quokkas
  3 ball pythons
  3 bats (D:1)
  2 frilled lizards (D:1)
  A kobold (D:1)
  A rat (D:1)
23 creatures vanquished.

Grand Total: 27 creatures vanquished

Notes
Turn   | Place    | Note
-------+----------+-------------------------------------------
     0 | D:1      | cforsyth the Tengu Summoner began the quest for the Orb.
     0 | D:1      | Reached XP level 1. HP: 10/10 MP: 4/4
   144 | D:1      | Found Zeskie's Antique Armour Boutique.
   151 | D:1      | Reached skill level 5 in Summonings
   195 | D:1      | Reached XP level 2. HP: 14/15 MP: 1/6
   572 | D:1      | Found Taapolus's Jewellery Emporium.
   800 | D:1      | Learned a level 2 spell: Call Imp
  1041 | D:1      | Found a faded altar of an unknown god.
  1628 | D:2      | Reached XP level 3. HP: 12/19 MP: 2/8
  1632 | D:2      | Learned a level 3 spell: Call Canine Familiar
  2037 | D:2      | Killed from afar by an orc priest

Illustrated notes

Levels and vault maps discovered:
D:1:      dpeg_arrival_rhombi, layout_loops_ring,
          hellmonk_ecumenical_altar_leap_of_faith, serial_shops, shop, shop,
          minmay_cupped
D:2:      cheibrodos_pilgrimage, layout_basic, hex_large

Skill      XL: |  1 |
---------------+----+-----
Summonings     | 5 |  5.6
Dodging        | |  2.1
Stealth        | |  2.0
Spellcasting   | |  2.9

Action                     || total
---------------------------++-------
  Melee: Unarmed           ||    10
         Kick              ||     4
         Peck              ||     1
   Cast: Summon Small Mamm ||    30
         Call Imp          ||     3
         Call Canine Famil ||     6
   Stab: Sleeping          ||     1
 Armour: Robe              ||    15
  Dodge: Dodged            ||    30

Table legend: (Time is in decaauts)
 A = Elapsed time spent in this place.
 B = Non-inter-level travel time spent in this place.
 C = Inter-level travel time spent in this place.
 D = Time resting spent in this place.
 E = Time spent auto-exploring this place.
 F = Levels seen in this place.
 G = Mean time per level.
                   A        B        C        D        E       F      G
               +--------+--------+--------+--------+--------+-----+--------+
         Total |   2037 |   1994 |     43 |    135 |   1383 |   2 | 1018.5 |
       Dungeon |   2037 |   1994 |     43 |    135 |   1383 |   2 | 1018.5 |
               +--------+--------+--------+--------+--------+-----+--------+

Top non-repeatable levels by time:
     D:1: 1308 daAuts
     D:2: 728 daAuts
